 Dungeon Crawl Stone Soup version 0.31.0-9-g3a7656b989 (webtiles) character file.

Game seed: 7779991532069584346

711 Groucho the Changeling (level 7, -8/36 HPs)
             Began as a Felid Shapeshifter on Jan 26, 2024.
             Was an Initiate of Gozag.
             Mangled by Duvessa
             ... wielding a +0 short sword
              (11 damage)
             ... on level 5 of the Dungeon.
             The game lasted 00:09:42 (5747 turns).

Groucho the Changeling (Felid Shapeshifter)         Turns: 5747, Time: 00:09:42

Health: -8/36      AC:  2    Str: 12    XL:     7   Next: 40%
Magic:  8/8        EV: 18    Int: 14    God:    Gozag
Gold:   289        SH:  0    Dex: 15    Spells: 6/6 levels left
                                        Lives:  0   Deaths: 2

rFire   . .          .
                       - Unarmed
rCold   . . .        (shield unavailable)
rNeg    . . .        (body armour unavailable)
rPois   .            (helmet unavailable)
rElec   .            (cloak unavailable)
rCorr   +            (gloves unavailable)
SInv    +            (boots unavailable)
Will    +....        (no amulet)
Stlth   ++           d - ring of flight
HPRegen 0.26/turn    k - ring of resist corrosion
MPRegen 0.11/turn

%: no passive effects
@: beast-form, flying
A: beast (slay +3), very small, claws 1, fangs 3, see invisible, shaggy fur 2,
stealthy paws, no weapons or thrown items, no armour, multi-lived
a: Begin Untransformation, Renounce Religion, Potion Petition, Call Merchant,
Bribe Branch


You were on level 5 of the Dungeon.
You worshipped Gozag.
Gozag was aware of your devotion.
You were a hulking beast.
You visited 2 branches of the dungeon, and saw 6 of its levels.

You collected 380 gold pieces.
You paid 91 gold pieces to Gozag.

Inventory:

Jewellery
 d - a ring of flight (left paw)
 k - a ring of resist corrosion (right paw)
Talismans
 b - a beast talisman (active)
 c - a flux talisman
Scrolls
 e - 4 scrolls of identify
 f - a scroll of brand weapon
 h - a scroll of fear {unknown}
 j - 2 scrolls of fog {unknown}
 n - a scroll of enchant weapon {unknown}
Potions
 a - a potion of ambrosia {unknown}
 g - a potion of might {unknown}
 i - a potion of curing {unknown}
 l - a potion of invisibility {unknown}
 m - a potion of attraction {unknown}


   Skills:
 - Level 3.0 Fighting
 - Level 4.0 Dodging
 - Level 1.0 Stealth
 - Level 5.0 Unarmed Combat
 + Level 5.7 Shapeshifting


You had 6 spell levels left.
You didn't know any spells.
Your spell library contained the following spells:

 Spells                   Type           Power      Damage    Failure   Level
 Ensorcelled Hibernation  Hex/Ice        0%         N/A       41%         2
 Dazzling Flash           Conj/Hex       0%         N/A       65%         3
 Mephitic Cloud           Conj/Alch/Air  0%         N/A       65%         3
 Passwall                 Erth           0%         N/A       65%         3
 Swiftness                Air            0%         N/A       65%         3
 Curse of Agony           Necr           0%         N/A       100%        5
 Silence                  Hex/Air        0%         N/A       100%        5


Dungeon Overview and Level Annotations

Branches:
Dungeon (5/15)             Temple (1/1) D:5

Altars:
Ashenzari
Cheibriados
Dithmenos
Elyvilon
Fedhas
Gozag
Hepliaklqana
Kikubaaqudgha
Makhleb
Nemelex Xobeh
Qazlal
Sif Muna
Uskayaw
Vehumet
Wu Jian
Xom
Yredelemnul
Zin
The Shining One

Annotations:
D:5 Duvessa, Pikel


Innate Abilities, Weirdness & Mutations

You are a hulking beast.
Your limbs bulge with bestial killing power. (Slay +3)
You have sharp claws.
You have razor-sharp teeth.
You have supernaturally acute eyesight. (SInv)
You are covered in thick fur. (AC +2)
Your paws help you pounce on unaware monsters.
You are incapable of wielding weapons or throwing items.
You cannot wear armour.
You gain extra lives every three experience levels.


Message History

Duvessa hits you with a +0 short sword!!
Ouch! That really hurt!
Duvessa closely misses you.
You are too injured to fight recklessly!
You are too injured to fight recklessly!
You are too injured to fight recklessly!
You barely miss Duvessa.
Duvessa is lightly wounded.
Duvessa misses you.
You scratch Duvessa. Your claw misses Duvessa.
Duvessa is moderately wounded.
Duvessa misses you.
You completely miss Duvessa.
Duvessa is moderately wounded.
Duvessa barely misses you. x2
You scratch Duvessa. Your bite misses Duvessa.
Duvessa is moderately wounded.
Duvessa closely misses you.
You claw Duvessa!
Duvessa is moderately wounded.
Duvessa misses you. Duvessa hits you with a +0 short sword!
* * * LOW HITPOINT WARNING * * *
You claw Duvessa! You bite Duvessa.
Duvessa is heavily wounded.
Duvessa closely misses you.
You scratch Duvessa. You bite Duvessa.
Duvessa is severely wounded.
Duvessa hits you with a +0 short sword.
* * * LOW HITPOINT WARNING * * *
You scratch Duvessa.
Duvessa is severely wounded.
Duvessa closely misses you. Duvessa misses you.
You claw Duvessa!
Duvessa is almost dead.
Duvessa completely misses you.
You barely miss Duvessa.
Duvessa is almost dead.
Duvessa hits you with a +0 short sword!
You die...
Your body crumbles into a pile of gold.

#....##......##.##.#.###......#
#.#⌠###.#..#.##....#.###..⌠...#
#.#####.##.#.##.##............#
#)###...##.#.##...........#####
#.)..........##.####......#
#..###...###.##.# #####..# #..#
#...# #.# .# ####>.#
#..###...###.##.## ##.....#
#...).........h..###......###
#.............#e.##[........#
#............##..#..........###
##.###...###.# .............>..
#.# #...# #.# .##.........##.#
#.###...###.# ...........###..
#...........# ###........###.#
#####..##.### ###............
##....... ........#.###.#


You could see Duvessa (berserk).

Vanquished Creatures
  2 ogres
  A phantom (D:4)
  3 scorpions (D:5)
  Dowan (D:5)
  An orc priest (D:5)
  2 iguanas
  An orc wizard (D:5)
  5 adders
  2 white imps (D:5)
  A ribbon worm (D:1)
  3 dart slugs
  6 orcs (D:5)
  5 endoplasms
  4 giant cockroaches
  6 goblins
  8 hobgoblins
  8 jackals (D:4)
  5 quokkas
  4 ball pythons
  7 bats
  A frilled lizard (D:3)
  6 kobolds
  3 rats
85 creatures vanquished.

Notes
Turn   | Place    | Note
-------+----------+-------------------------------------------
     0 | D:1      | Groucho the Felid Shapeshifter began the quest for the Orb.
     0 | D:1      | Reached XP level 1. HP: 10/10 MP: 2/2
   566 | D:1      | Reached XP level 2. HP: 14/14 MP: 3/3
   593 | D:1      | Reached skill level 1 in Stealth
  1221 | D:2      | Reached XP level 3. HP: 5/18 MP: 4/4
  1485 | D:2      | Found a shadowy altar of Dithmenos.
  1518 | D:2      | You are sucked into a shaft and drop 1 floor!
  1604 | D:3      | Identified the +7 chain mail of the Realm of Zot {-Cast
                  | rElec MP-9 Slay+4}
  1843 | D:3      | Reached XP level 4. HP: 23/23 MP: 5/5
  1843 | D:3      | Gained a life (2 lives remaining)
  2165 | D:4      | Noticed a phantom
  2190 | D:4      | Killed a phantom
  2191 | D:4      | Reached XP level 5. HP: 5/26 MP: 6/6
  2764 | D:5      | Entered Level 5 of the Dungeon
  3174 | D:4      | Noticed an ogre
  3186 | D:4      | Killed an ogre
  3187 | D:4      | Reached skill level 5 in Unarmed Combat
  3187 | D:4      | Gained mutation: You are covered in thick fur. (AC +2)
                  | [Felid growth]
  3187 | D:4      | Reached XP level 6. HP: 30/30 MP: 7/7
  4381 | D:5      | Found a staircase to the Ecumenical Temple.
  4415 | Temple   | Found a transporter.
  4415 | Temple   | Found a transporter.
  4415 | Temple   | Found a transporter.
  4415 | Temple   | Found a transporter.
  4415 | Temple   | Entered the Ecumenical Temple
  4434 | Temple   | Became a worshipper of Gozag Ym Sagoz the Greedy
  5013 | D:5      | Noticed Dowan
  5020 | D:5      | Killed Dowan
  5021 | D:5      | Reached skill level 5 in Shapeshifting
  5021 | D:5      | Reached XP level 7. HP: 18/36 MP: 8/8
  5034 | D:5      | Noticed Duvessa
  5040 | D:5      | Mangled by Duvessa
  5040 | D:5      | Lost a life (1 life remaining)
  5698 | D:5      | Noticed Pikel
  5713 | D:5      | HP: 1/36 [Pikel/+1 whip of freezing (8)]
  5713 | D:5      | Slain by Pikel
  5713 | D:5      | Lost a life (0 lives remaining)
  5747 | D:5      | Mangled by Duvessa

Illustrated notes

Levels and vault maps discovered:
D:1:      lemuel_arrival_tunnels, layout_basic
D:2:      layout_rooms, basic_altar, minmay_3d_cube
D:3:      layout_basic
D:4:      layout_basic, skrybe_limestone_x, fountainhead
D:5:      layout_loops_ring, temple_fountains, grunt_ministairs_8,
          roderic_serpentine_path, nicolae_sextant, minmay_stone_trees_small,
          minmay_misc_feat_cross, uniq_pikel, uniq_duvessa
Temple:   hellmonk_temple_divided_pantheon

Skill      XL: |  1  2  3  4  5  6 |
---------------+-------------------+-----
Stealth        | 1 |  1.0
Dodging        | 3 4 |  4.0
Shapeshifting  | 3 4 5 |  5.7
Fighting       | 2 3 |  3.0
Unarmed Combat | 4 5 |  5.0

Action                     |  1- 3 |  4- 6 |  7- 9 || total
---------------------------+-------+-------+-------++-------
  Melee: Unarmed           |    92 |   126 |    56 ||   274
         Bite              |     4 |    12 |     8 ||    24
         Punch             |       |     4 |     1 ||     5
Ability: Begin Untransform |     1 |       |       ||     1
    Use: Potion            |       |     1 |       ||     1
         Scroll            |       |       |     1 ||     1
   Stab: Sleeping          |     2 |     2 |       ||     4
 Armour: Skin              |    21 |    37 |    22 ||    80
  Dodge: Dodged            |    58 |    74 |    32 ||   164
   Form: Beast             |     1 |     1 |       ||     2
                           |       |     1 |       ||     1
